 Dungeon Crawl Stone Soup version 0.30-a0-620-g0e44632947 (webtiles) character file.

Game seed: 945719444906494918

201 Errthou the Chopper (level 5, 0/45 HPs)
             Began as a Minotaur Berserker on Jan 10, 2023.
             Was a Believer of Trog.
             Slain by an orc
             ... wielding a +0 club
              (3 damage)
             ... on level 4 of the Dungeon.
             The game lasted 00:11:41 (2337 turns).

Errthou the Chopper (Minotaur Berserker)            Turns: 2337, Time: 00:11:42

Health: 0/45       AC:  7    Str: 24    XL:     5   Next: 50%
Magic:  4/4        EV: 10    Int:  4    God:    Trog [**....]
Gold:   122        SH:  2    Dex:  9    Spells: 4/4 levels left

rFire   . . .      SeeInvis .    a - +0 hand axe
rCold   . . .      Faith    .    i - +0 buckler
rNeg    . . .      Spirit   .    f - +0 scale mail
rPois   +          Reflect  .    (helmet restricted)
rElec   .          Harm     .    g - +0 cloak
rCorr   .          Rampage  .    (no gloves)
Will    ++...                    (no boots) Stlth
                                 (no amulet)
HPRegen 1.27/turn                b - ring of poison resistance
MPRegen 0.09/turn                (no ring)

@: strong-willed, on berserk cooldown, regenerating
A: horns 2, retaliatory headbutt
a: Renounce Religion, Berserk, Trog's Hand


You were on level 4 of the Dungeon.
You worshipped Trog.
Trog was pleased with you.
You visited 1 branch of the dungeon, and saw 4 of its levels.

You collected 122 gold pieces.

Inventory:

Hand Weapons
 a - a +0 hand axe (weapon)
Missiles
 m - 13 stones (quivered)
 r - 6 poisoned darts
Armour
 f - a +0 scale mail (worn)
 g - a +0 cloak (worn)
 i - a +0 buckler (worn)
Jewellery
 b - a ring of poison resistance (left hand)
 p - a ring of protection from cold
 q - a ring of fire
Scrolls
 c - a scroll of acquirement {unknown}
 d - a scroll of fear {unknown}
 j - a scroll of identify {unknown}
 l - a scroll of magic mapping {unknown}
Potions
 e - a potion of degeneration {unknown}
 h - a potion of might {unknown}
 k - 2 potions of haste {unknown}
 n - a potion of heal wounds {unknown}
 o - 2 potions of mutation {unknown}


   Skills:
 - Level 3.6 Fighting
 * Level 6.5 Axes
 + Level 2.8 Throwing
 - Level 2.4 Armour
 - Level 2.1 Dodging


You had 4 spell levels left.
You didn't know any spells.
Your spell library was empty.

Dungeon Overview and Level Annotations

Branches:
Dungeon (4/15)
 Temple: D:4-7

Altars:


Innate Abilities, Weirdness & Mutations

You have a pair of horns on your head.
You reflexively headbutt those who attack you in melee.


Message History

You are confused.
The orc hits you but does no damage. Something hits you.
* * * LOW HITPOINT WARNING * * *
The orc hits you but does no damage.
You bump into the rock wall.
The orc hits you but does no damage.
You hear some strange, mumbled words.
Something tries to affect you, but you resist.
The orc hits you but does no damage.
Unknown command.
Unknown command.
Unknown command.
Unknown command.
Okay, then.
You completely miss something. You hit the orc but do no damage.
You closely miss the orc. The orc hits you but does no damage.
Something hits you but does no damage. The orc barely misses you. x2
Something hits you.
* * * LOW HITPOINT WARNING * * *
The orc barely misses you.
You bump into the rock wall.
You feel yourself speed up. The orc completely misses you. Something hits you.
* * * LOW HITPOINT WARNING * * *
The orc closely misses you. Something hits you but does no damage.
The orc hits you but does no damage. x2
You hit the orc but do no damage. You closely miss the orc.
You closely miss something.
You feel less confused.
Your skin crawls.
You feel strong-willed. The orc barely misses you. Something hits you.
* * * LOW HITPOINT WARNING * * *
The orc hits you with a +0 club.
* * * LOW HITPOINT WARNING * * *
You closely miss the orc. You hit the orc. You closely miss something.
The orc hits you but does no damage.
You hear some strange, mumbled words.
Something tries to affect you, but you resist.
The orc hits you with a +0 club.
You die...

#.# #.. #.. #.#
.h# #h#
#o######
#@o....#
######.{..[.##
........).....#
.#####..).....#
.............#
#####........#
##......##
#....<.#
#.............


You could see 2 orcs and 2 jackals.

Vanquished Creatures
  A scorpion (D:3)
  An orc wizard (D:4)
  3 gnolls (D:2)
  3 adders
  A worm (D:2)
  2 dart slugs
  2 orcs (D:4)
  2 endoplasms
  A giant cockroach (D:3)
  3 goblins
  2 hobgoblins
  7 jackals
  7 kobolds
  2 quokkas (D:2)
  5 ball pythons
  4 bats
  3 frilled lizards
  7 rats
56 creatures vanquished.

Notes
Turn   | Place    | Note
-------+----------+-------------------------------------------
     0 | D:1      | Errthou the Minotaur Berserker began the quest for the Orb.
     0 | D:1      | Reached XP level 1. HP: 19/19 MP: 0/0
   116 | D:1      | Reached skill level 4 in Axes
   141 | D:1      | Reached XP level 2. HP: 26/26 MP: 1/1
   196 | D:1      | Reached skill level 1 in Throwing
   523 | D:2      | Reached ** piety under Trog
   547 | D:2      | Reached XP level 3. HP: 28/31 MP: 2/2
   673 | D:2      | Reached skill level 5 in Axes
   908 | D:2      | Reached XP level 4. HP: 27/39 MP: 3/3
  1049 | D:2      | Found a faded altar of an unknown god.
  1376 | D:3      | Noticed a scorpion
  1402 | D:3      | Killed a scorpion
  1403 | D:3      | Reached skill level 6 in Axes
  1403 | D:3      | Reached XP level 5. HP: 45/45 MP: 4/4
  2336 | D:4      | HP: 1/45 [orc/+0 club (4)]
  2337 | D:4      | Slain by an orc

Illustrated notes

Levels and vault maps discovered:
D:1:      heliophobic_arrival_enchanted_forest, layout_rooms
D:2:      layout_rooms, hellmonk_ecumenical_altar_pennies_from_heaven,
          hangedman_feature_mirror
D:3:      layout_basic, nicolae_figureground_sparkle
D:4:      layout_gridville, lemuel_tele_altar, hangedman_decor_slide_cut,
          serial_bayou_pond_c

Skill      XL: |  1  2  3  4 |
---------------+-------------+-----
Axes           | 4 5 6 |  6.5
Throwing       | 1 2 |  2.8
Fighting       | |  3.6
Armour         | |  2.4
Dodging        | |  2.1

Action                   |  1- 3 |  4- 6 || total
-------------------------+-------+-------++-------
Melee: Hand axe          |    82 |    62 ||   144
       Headbutt          |     9 |     4 ||    13
Throw: Boomerang         |    22 |       ||    22
       Stone             |    20 |    11 ||    31
Invok: Berserk           |     2 |     2 ||     4
       Trog's Hand       |       |     2 ||     2
Armor: Scale mail        |    27 |    59 ||    86
       Animal skin       |     2 |       ||     2
Dodge: Dodged            |    46 |    32 ||    78
Block: Buckler           |       |     6 ||     6

Table legend: (Time is in decaauts)
 A = Elapsed time spent in this place.
 B = Non-inter-level travel time spent in this place.
 C = Inter-level travel time spent in this place.
 D = Time resting spent in this place.
 E = Time spent auto-exploring this place.
 F = Levels seen in this place.
 G = Mean time per level.
                   A        B        C        D        E       F      G
               +--------+--------+--------+--------+--------+-----+--------+
         Total |   2400 |   2204 |    196 |    224 |   1343 |   4 |  600.0 |
       Dungeon |   2400 |   2204 |    196 |    224 |   1343 |   4 |  600.0 |
               +--------+--------+--------+--------+--------+-----+--------+

Top non-repeatable levels by time:
     D:3: 1029 daAuts
     D:2: 886 daAuts
     D:1: 439 daAuts
     D:4: 46 daAuts
